 Dungeon Crawl Stone Soup version 0.26-a0-487-gbff1e92059 (webtiles) character file.

Game seed: 5578905915382990866

395 ANON1729 the Cudgeler (level 6, -4/62 HPs)
             Began as a Troll Berserker on Aug 2, 2020.
             Was a Priest of Trog.
             Slain by a sky beast (5 damage)
             ... on level 6 of the Dungeon.
             The game lasted 00:02:20 (1587 turns).

ANON1729 the Cudgeler (Troll Berserker)             Turns: 1587, Time: 00:02:21

Health: -4/62      AC:  6    Str: 27    XL:     6   Next: 52%
Magic:  5/5        EV: 11    Int:  4    God:    Trog [***...]
Gold:   177        SH:  0    Dex:  9    Spells: 5/5 levels left

rFire    . . .     SeeInvis .   a - +0 mace
rCold    . . .     Faith    .   (no shield)
rNeg     . . .     Spirit   .   b - +0 animal skin
rPois    .         Reflect  .   (helmet restricted)
rElec    .         Harm     .   (no cloak)
rCorr    .                      (gloves unavailable)
MR       .....                  (boots unavailable)
Stlth    +.........             (no amulet)
HPRegen  0.60/turn              (no ring)
MPRegen  0.09/turn              (no ring)

@: no status effects
A: large, unfitting armour, claws 3, regeneration 1, shaggy fur 1, tough skin 3
a: Berserk, Trog's Hand, Renounce Religion


You were on level 6 of the Dungeon.
You worshipped Trog.
Trog was most pleased with you.
You visited 1 branch of the dungeon, and saw 4 of its levels.

You collected 177 gold pieces.

Inventory:

Hand Weapons
 a - a +0 mace (weapon)
Armour
 b - a +0 animal skin (worn)
Scrolls
 c - 6 scrolls of identify {unknown}
 e - 2 scrolls of random uselessness {unknown}
 h - 4 scrolls of enchant weapon {unknown}
 i - a scroll of magic mapping {unknown}
 j - 6 scrolls of remove curse {unknown}
 l - 2 scrolls of teleportation {unknown}
Potions
 d - a potion of ambrosia {unknown}
 f - a potion of curing {unknown}
 g - a potion of heal wounds {unknown}
 k - a potion of resistance {unknown}
 m - a potion of degeneration {unknown}


   Skills:
 + Level 4.0 Fighting
 + Level 4.4 Maces & Flails
 + Level 4.0 Dodging


You had 5 spell levels left.
You didn't know any spells.
Your spell library was empty.

Dungeon Overview and Level Annotations

Branches:
Dungeon (3/15)

Altars:
Qazlal
Trog
Wu Jian


Innate Abilities, Weirdness & Mutations

You are too large for most types of armour.
You have claws for hands.
Your natural rate of healing is unusually fast.
You are covered in fur. (AC +1)
You have extremely tough skin. (AC +3)


Message History

You barely miss something. Something hits you.
* * * LOW HITPOINT WARNING * * *
Something shocks you.
* * * LOW HITPOINT WARNING * * *
Something hits you but does no damage.
You miss something.
A sky beast appears from thin air!
Reactivating autopickup.
The sky beast hits you.
* * * LOW HITPOINT WARNING * * *
The sky beast shocks you.
* * * LOW HITPOINT WARNING * * *
You barely miss the sky beast.
The sky beast is heavily wounded.
The sky beast misses you.
You barely miss the sky beast.
The sky beast is heavily wounded.
The sky beast hits you.
* * * LOW HITPOINT WARNING * * *
The sky beast shocks you.
You die...

## ###.#
.##....
.......
......###
.....$##
##Y...##
#..@...#
#...#..#
##.##.###
...##.#.##
###..#....##
#.........##
#..#........#
...#........#
..#........##


You could see a sky beast.

Vanquished Creatures
  Purgy (D:3)
  An ogre (D:6)
  A bullfrog (D:6)
  A hound (D:6)
  An orc wizard (D:3)
  2 adders (D:2)
  An ooze (D:1)
  2 worms
  4 leopard geckos
  4 orcs (D:3)
  A ball python (D:2)
  5 bats
  2 giant cockroaches (D:1)
  6 goblins
  6 hobgoblins
  3 jackals (D:1)
  A quokka (D:2)
  A frilled lizard (D:3)
  5 kobolds
  11 rats
59 creatures vanquished.

Notes
Turn   | Place    | Note
-------+----------+-------------------------------------------
     0 | D:1      | ANON1729 the Troll Berserker began the quest for the Orb.
     0 | D:1      | Reached XP level 1. HP: 22/22 MP: 0/0
    59 | D:1      | Reached XP level 2. HP: 27/29 MP: 1/1
   241 | D:1      | Reached ** piety under Trog
   242 | D:1      | Reached XP level 3. HP: 31/36 MP: 2/2
   850 | D:2      | Reached XP level 4. HP: 35/45 MP: 3/3
  1085 | D:3      | Found an ornate altar of the Wu Jian Council.
  1222 | D:3      | Noticed Purgy
  1240 | D:3      | Killed Purgy
  1240 | D:3      | Reached XP level 5. HP: 18/53 MP: 4/4
  1304 | D:3      | You fall into a shaft and drop 3 floors!
  1304 | D:6      | Noticed an ogre
  1323 | D:6      | Killed an ogre
  1323 | D:6      | Reached XP level 6. HP: 49/62 MP: 5/5
  1341 | D:6      | Reached *** piety under Trog
  1479 | D:6      | Found a stormy altar of Qazlal.
  1493 | D:6      | Found a bloodstained altar of Trog.
  1564 | D:6      | Noticed a sky beast
  1585 | D:6      | HP: 2/62 [sky beast (5)]
  1587 | D:6      | Slain by a sky beast

Illustrated notes

Levels and vault maps discovered:
D:1:      mrwooster_arrival_arrow, layout_rooms
D:2:      layout_loops_cross, st_stairs_8, wander_ebering_terrifying_dragon_lair
D:3:      layout_loops_corners, nicolae_overflow_crystal_walls,
          uniq_crazy_yiuf_cottage, uniq_purgy
D:6:      layout_cave_pools, grunt_temple_overflow_open, grunt_dithmenos_shadows

Skill      XL: |  1  2  3  4  5  6 |
---------------+-------------------+-----
Maces & Flails | 3 4 |  4.4
Fighting       | 3 4 |  4.0
Dodging        | 3 4 |  4.0

Action                   |  1- 3 |  4- 6 || total
-------------------------+-------+-------++-------
Melee: Mace              |   125 |   138 ||   263
Invok: Berserk           |       |     1 ||     1
Armor: Animal skin       |    78 |    62 ||   140
Dodge: Dodged            |    92 |    88 ||   180

Table legend: (Time is in decaauts)
 A = Elapsed time spent in this place.
 B = Non-inter-level travel time spent in this place.
 C = Inter-level travel time spent in this place.
 D = Time resting spent in this place.
 E = Time spent auto-exploring this place.
 F = Levels seen in this place.
 G = Mean time per level.
                   A        B        C        D        E       F      G
               +--------+--------+--------+--------+--------+-----+--------+
         Total |   1653 |   1635 |     18 |    218 |    929 |   4 |  413.2 |
       Dungeon |   1653 |   1635 |     18 |    218 |    929 |   4 |  413.2 |
               +--------+--------+--------+--------+--------+-----+--------+

Top non-repeatable levels by time:
     D:2: 655 daAuts
     D:1: 436 daAuts
     D:6: 292 daAuts
     D:3: 269 daAuts
